Map: Deathaura LE

Players

KingArthur - Winner!

  • Race: Zerg Zerg
  • League: Gold
  • Spawn Location: 11:00

A.I. 1 (Elite)

  • Race: Protoss Protoss
  • Spawn Location: 5:00

VOD

Have the link to the VOD?

Description

Time

  • Played on: Sept. 13, 2020, 11:11 p.m.
  • Length: 6:28
Show
View Real Time Build Order
Export as new Build Order

KingArthur Zerg - Winner!

Build Orders: Hatch First 

Get SALT Encoding   

  12  0:02  Drone  
  13  0:13  Overlord  
  13  0:16  Drone  
  14  0:32  Drone x2  
  16  0:50  Hatchery  
  16  0:53  Drone  
  16  0:57  Drone  
  16  1:00  Drone  
  16  1:03  Extractor  
  17  1:18  Spawning Pool  
  17  1:22  Drone x2  
  18  1:28  Drone  
  19  2:05  Metabolic Boost  
  19  2:06  Queen x2  
  19  2:07  Zergling x2  
  19  2:08  Zergling x4  
  26  2:13  Overlord  
  26  2:23  Baneling Nest  
  26  2:24  Zergling x2  
  27  2:30  Zergling x2  
  27  2:34  Zergling x4  
  29  2:39  Zergling x2  
  30  2:53  Zergling x6  
  33  3:03  Overlord  
  33  3:10  Zergling x4  
  35  3:18  Zergling x2  
  36  3:24  Baneling x6  
  36  3:30  Zergling x8  
  40  3:34  Zergling x2  
  41  3:45  Zergling x6  
  41  3:46  Zergling x2  
  42  3:56  Zergling x4  
  42  4:01  Overlord  
  43  4:09  Zergling x4  
  43  4:10  Zergling x2  
  42  4:21  Zergling x6  
  43  4:26  Zergling x2  
  43  4:27  Zergling x2  
Show
View Real Time Build Order
Export as new Build Order

A.I. 1 (Elite) Protoss 

Build Orders: 1 Gate Expand 

Get SALT Encoding   

  12  0:00  Probe  
  13  0:13  Probe  
  14  0:20  Pylon  
  14  0:25  Probe  
  15  0:34  Probe  
  15  0:42  Probe  
  17  0:51  Gateway  
  17  0:52  Probe  
  18  1:00  Probe  
  18  1:08  Probe  
  18  1:10  Assimilator  
  19  1:13  Pylon  
  20  1:31  Nexus  
  20  1:41  Cybernetics Core  
  20  1:43  Probe  
  21  1:50  Zealot  
  23  2:00  Probe  
  23  2:02  Gateway  
  24  2:09  Probe  
  24  2:13  Pylon  
  25  2:20  Zealot  
  25  2:21  Probe  
  27  2:26  Warp Gate  
  28  2:33  Probe  
  28  2:36  Assimilator  
  29  2:41  Probe  
  29  2:47  Adept  
  29  2:48  Adept  
  29  2:50  Probe  
  35  3:01  Pylon  
  35  3:02  Probe  
  36  3:12  Sentry  
  36  3:13  Probe  
  36  3:17  Adept  
  41  3:22  Probe  
  41  3:25  Probe  
  43  3:34  Probe  
  43  3:35  Robotics Facility  
  43  3:37  Probe  
  43  3:38  Stalker  
  47  3:42  Probe  
  47  3:47  Adept  
  48  3:49  Probe  
  48  3:50  Probe  
  48  4:00  Probe  
  48  4:01  Probe  
  46  4:08  Adept  
  46  4:09  Probe  
  46  4:12  Probe  
  36  4:25  Stalker  
  36  4:28  Probe  
Tags
 
Add a new tag
Caveats
  • Supply blocks, unpowered buildings, or Contaminate may cause inaccurate times.
  • Supply counts are checked every 10 seconds.